 Dungeon Sprint DCSS version 0.28-a0-465-ge2dae52223 (webtiles) character file.

Game seed: 10718362119761241278

1346 MikeHunt the Thaumaturge (level 8, -4/62 HPs)
             Began as a Demonspawn Earth Elementalist on Sept 14, 2021.
             Was an Elder of Sif Muna.
             Slain by an ice devil (18 damage)
             ... summoned by an orc high priest
             ... in the Dungeon (Sprint III: "The Ten Rune Challenge").
             The game lasted 00:04:29 (960 turns).

MikeHunt the Thaumaturge (DsEE)                      Turns: 960, Time: 00:04:30

Health: -4/62      AC:  6    Str:  9    XL:     8   Next: 36%
Magic:  15/21      EV: 12    Int: 19    God:    Sif Muna [****..]
Gold:   31         SH:  8    Dex: 13    Spells: 15/25 levels left

rFire   . . .      SeeInvis .   q - +0 dagger
rCold   . . .      Faith    .   (no shield)
rNeg    . . .      Spirit   .   b - +0 robe
rPois   .          Reflect  .   (helmet restricted)
rElec   .          Harm     .   (no cloak)
rCorr   .          Rampage  .   (no gloves)
Will    .....      NoTele   +   (no boots)
Stlth   ++........              (no amulet)
HPRegen 0.20/turn               (no ring)
MPRegen 0.17/turn               (no ring)

@: no status effects
A: talons 1, large bone plates 1, icemail 1, spiny 1, condensation shield, horns
1
a: Renounce Religion, Channel Magic, Forget Spell, Divine Exegesis


You were in the Dungeon.
You worshipped Sif Muna.
Sif Muna was greatly pleased with you.
You visited 1 branch You collected 31 gold pieces.

Inventory:

Hand Weapons
 q - a +0 dagger (weapon)
Missiles
 i - 8 stones
Armour
 b - a +0 robe (worn)
Wands
 n - a wand of acid (6)
Scrolls
 h - a scroll of blinking
 j - a scroll of holy word {unknown}
 k - 3 scrolls of identify
 m - a scroll of immolation {unknown}
Potions
 a - 4 potions of mutation
 c - 2 potions of curing
 d - 2 potions of heal wounds
 e - a potion of haste
 f - 2 potions of magic
 g - 2 potions of berserk rage
 l - 2 potions of flight
 p - a potion of might
Miscellaneous
 o - a lightning rod (4/4)


   Skills:
 + Level 5.0 Fighting
 - Level 1.7 Dodging
 - Level 1.7 Stealth
 + Level 9.3 Spellcasting
 + Level 8.6 Conjurations
 - Level 0.8 Transmutations
 + Level 6.2 Fire Magic
 + Level 9.2 Earth Magic
 + Level 3.0 Invocations
 + Level 2.1 Evocations


You had 15 spell levels left.
You knew the following spells:

 Your Spells              Type           Power      Damage    Failure   Level
a - Sandblast             Erth           86%        2d18      1%          1
c - Flame Wave            Conj/Fire      37%        3d8       3%          4
d - Scorch                Fire           64%        2d8       1%          2
r - Stone Arrow           Conj/Erth      84%        3d12      1%          3

Your spell library contained the following spells:

 Spells                   Type           Power      Damage    Failure   Level
 Passwall                 Tmut/Erth      23%        N/A       1%          2
 Petrify                  Tmut/Erth      28%        N/A       10%         4
 Portal Projectile        Hex/Tloc       16%        N/A       24%         3
 Blade Hands              Tmut           6%         N/A       83%         5
 Excruciating Wounds      Necr           4%         N/A       91%         5
 Summon Cactus Giant      Summ           4%         N/A       100%        6


Dungeon Overview and Level Annotations

Branches:
Dungeon (1/1)

Altars:
Cheibriados
Dithmenos
Elyvilon
Fedhas
Gozag
Hepliaklqana
Kikubaaqudgha
Makhleb
Nemelex Xobeh
Okawaru
Qazlal
Ru
Sif Muna
Trog
Uskayaw
Vehumet
Wu Jian
Xom
Yredelemnul
Zin
The Shining One
Beogh
Jiyva
Lugonu

Shops:
D =

Annotations:
D Josephine


Innate Abilities, Weirdness & Mutations

You have sharp toenails.
You are partially covered in large bone plates. (SH +4)
A meltable icy envelope protects you from harm. (AC +4)
You are partially covered in sharp spines.
A meltable shield of frost defends you. (SH +4)
You have a pair of small horns on your head.


Message History

Press: ? - help, Dir - look around, f - activate A wave of flame ripples out!
The flame wave engulfs the orc!
You kill the orc!
Sif Muna accepts your kill. (Press . to intensify the flame waves.)
You hear a shout! x2
The orc high priest prays to Beogh.
You hear a shout!
Your Invocations skill increases to level 3!
A wave of flame ripples out!
The flame wave engulfs the smoke demon.
The smoke demon resists.
The smoke demon is lightly wounded.
The flame wave engulfs the ice devil.
The ice devil is burned terribly!
The ice devil is lightly wounded.
The flame wave engulfs the orc high priest!
The orc high priest is moderately wounded.
The orc high priest mumbles some strange prayers to Beogh against you.
Beogh smites you! The smoke demon gestures at you. Beogh smites you!
* * * LOW HITPOINT WARNING * * *
You block the ice devil's attack.
A wave of flame ripples out!
The flame wave engulfs the smoke demon.
The smoke demon resists.
The smoke demon is lightly wounded.
The flame wave engulfs the ice devil.
The ice devil is lightly wounded.
Sif Muna accepts your kill.
You feel a bit more experienced. Sif Muna accepts your kill.
You feel a bit more experienced.
The flame wave engulfs the orc high priest!!
The orc high priest is severely wounded.
You finish channelling waves of flame.
You hear a shout!
The orc high priest prays to Beogh.
The ice devil is struck by your spines. The ice devil hits you.
* * * LOW HITPOINT WARNING * * *
The ice devil freezes you!!
You die...

####..#___#___#__#∩$$#o#
#..#..#...#__.#._#$$o..
#..#..###)#)###[##$..o
##'#..#.....†....#.oo
###...'.⌠......).#$$
###...#...######)#o#
##....#.⌠.#__#...#§#####
#.....#...#__#...#§oo≈§+
††....#)###__#..@#§#≈§§#
#.....#...#__#..34o#.§.#
##....#___#__'..4#.# @§#
▓▓▓▓▓▓▓▓▓▓▓▓▓▓▓▓▓▓▓


You could see an orc high priest, 2 ice devils and a smoke demon (summoned).

Vanquished Creatures
  A deep elf pyromancer (D)
  A shadow (D)
  A spatial vortex (D)
  A necrophage (D)
  A water elemental (D)
  A jelly (D)
  An orc priest (D)
  A wizard (D)
  Jessica (D)
  A necromancer (D)
  3 humans (D)
  A kobold demonologist (D)
  A wolf (D)
  9 orcs (D)
  2 endoplasms (D)
  A rat (D)
27 creatures vanquished.

Notes
Turn   | Place    | Note
-------+----------+-------------------------------------------
     0 | D        | MikeHunt the Demonspawn Earth Elementalist began the quest
                  | for the Orb.
     0 | D        | Reached XP level 1. HP: 13/13 MP: 3/3
    43 | D        | Noticed Jessica
    50 | D        | Killed Jessica
    51 | D        | Gained mutation: You are partially covered in large bone
                  | plates. (SH +4) [demonic ancestry]
    51 | D        | Reached XP level 2. HP: 19/19 MP: 1/7
    51 | D        | Reached XP level 3. HP: 24/24 MP: 1/9
    55 | D        | Learned a level 3 spell: Stone Arrow
   142 | D        | Reached skill level 5 in Spellcasting
   142 | D        | Reached skill level 1 in Conjurations
   294 | D        | Gained mutation: You have a pair of small horns on your
                  | head. [potion of mutation]
   309 | D        | Noticed a water elemental
   313 | D        | Killed a water elemental
   314 | D        | Reached skill level 5 in Earth Magic
   314 | D        | Gained mutation: You are partially covered in sharp spines.
                  | [demonic ancestry]
   314 | D        | Reached XP level 4. HP: 30/30 MP: 3/12
   382 | D        | Found a radiant altar of Vehumet.
   382 | D        | Found a shimmering blue altar of Sif Muna.
   382 | D        | Found an ancient bone altar of Kikubaaqudgha.
   382 | D        | Noticed a wizard
   384 | D        | Killed a wizard
   385 | D        | Gained mutation: A meltable shield of frost defends you.
                  | (SH +4) [demonic ancestry]
   385 | D        | Reached XP level 5. HP: 35/35 MP: 11/14
   393 | D        | Became a worshipper of Sif Muna the Loreminder
   400 | D        | Learned a level 2 spell: Scorch
   406 | D        | Learned a level 4 spell: Flame Wave
   433 | D        | Found a shadowy altar of Dithmenos.
   433 | D        | Noticed a necrophage
   436 | D        | Reached skill level 1 in Fighting
   436 | D        | Reached skill level 5 in Conjurations
   436 | D        | Reached skill level 1 in Fire Magic
   436 | D        | Found a basalt altar of Yredelemnul.
   436 | D        | Found a sacrificial altar of Ru.
   439 | D        | Killed a necrophage
   440 | D        | Gained mutation: A meltable icy envelope protects you from
                  | harm. (AC +4) [demonic ancestry]
   440 | D        | Reached XP level 6. HP: 41/46 MP: 6/16
   471 | D        | Noticed a deep elf pyromancer
   477 | D        | Killed a deep elf pyromancer
   477 | D        | Reached * piety under Sif Muna
   478 | D        | Reached skill level 5 in Fighting
   478 | D        | Reached XP level 7. HP: 56/56 MP: 0/19
   601 | D        | Noticed a shadow
   603 | D        | Reached skill level 5 in Fire Magic
   605 | D        | Killed a shadow
   661 | D        | Found a blossoming altar of Fedhas.
   661 | D        | Found a stormy altar of Qazlal.
   661 | D        | Noticed a spatial vortex
   662 | D        | Found a snail-covered altar of Cheibriados.
   662 | D        | Found a burning altar of Makhleb.
   662 | D        | Found a hazy altar of Hepliaklqana.
   662 | D        | Found a shimmering altar of Xom.
   662 | D        | Found an opulent altar of Gozag.
   662 | D        | Found a sparkling altar of Nemelex Xobeh.
   662 | D        | Found a corrupted altar of Lugonu.
   662 | D        | Found a viscous altar of Jiyva.
   668 | D        | Killed a spatial vortex
   668 | D        | Reached ** piety under Sif Muna
   669 | D        | Gained mutation: You have sharp toenails. [demonic
                  | ancestry]
   669 | D        | Reached XP level 8. HP: 62/62 MP: 4/21
   769 | D        | Found a hide-covered altar of Uskayaw.
   769 | D        | Found an iron altar of Okawaru.
   769 | D        | Found a bloodstained altar of Trog.
   769 | D        | Found an ornate altar of the Wu Jian Council.
   775 | D        | Reached skill level 1 in Invocations
   775 | D        | Reached skill level 1 in Evocations
   874 | D        | Found Evveox's Jewellery Shoppe.
   905 | D        | Noticed Josephine
   918 | D        | Reached *** piety under Sif Muna
   936 | D        | Noticed an orc high priest
   943 | D        | Reached **** piety under Sif Muna
   959 | D        | Noticed an ice devil
   959 | D        | Noticed a smoke demon
   960 | D        | Slain by an ice devil

Illustrated notes

Levels and vault maps discovered:
D:        dungeon_sprint_mu [sprint_mu_entry_cave, sprint_mu_temple_rooms,
          sprint_mu_d1_horrors, sprint_mu_d2_genie, sprint_mu_d3_branching,
          sprint_mu_orc_legion, sprint_mu_elf_gauntlet, sprint_mu_hive_nellie,
          sprint_mu_lair_fedhas, sprint_mu_vaults_butterflies,
          sprint_mu_slime_circle, sprint_mu_swamp_cave, sprint_mu_snake_twists,
          sprint_mu_blade_basic, sprint_mu_crypt_chambers,
          sprint_mu_tomb_spiral, sprint_mu_vestibule_basic,
          sprint_mu_gehenna_hellfire, sprint_mu_dis_giant,
          sprint_mu_tartarus_statrot, sprint_mu_cocytus_islands, sprint_mu_zot1]

Skill      XL: |  1  2  3  4  5  6  7  8 |
---------------+-------------------------+-----
Earth Magic    | 4 5 6 8 9 |  9.2
Spellcasting   | 4 6 7 8 9 |  9.3
Conjurations   | 4 5 7 8 |  8.6
Fighting       | 2 5 |  5.0
Fire Magic     | 2 4 5 6 |  6.2
Invocations    | 3 |  3.0
Evocations     | 2 |  2.1
Dodging        | |  1.7
Stealth        | |  1.7
Transmutations | |  0.8

Action                   |  1- 3 |  4- 6 |  7- 9 || total
-------------------------+-------+-------+-------++-------
Melee: Dagger            |       |       |    16 ||    16
       Headbutt          |       |       |     7 ||     7
       Unarmed           |       |       |     2 ||     2
       Kick              |       |       |     2 ||     2
 Cast: Sandblast         |    16 |     5 |     1 ||    22
       Stone Arrow       |     3 |     7 |     8 ||    18
       Scorch            |       |       |     4 ||     4
       Flame Wave        |       |       |     3 ||     3
Evoke: Wand              |       |     2 |       ||     2
  Use: Potion            |     1 |       |       ||     1
Armor: Robe              |       |     1 |     2 ||     3
Dodge: Dodged            |     4 |     3 |     5 ||    12
Block: Other             |     2 |     1 |    12 ||    15

Table legend: (Time is in decaauts)
 A = Elapsed time spent in this place.
 B = Non-inter-level travel time spent in this place.
 C = Inter-level travel time spent in this place.
 D = Time resting spent in this place.
 E = Time spent auto-exploring this place.
 F = Levels seen in this place.
 G = Mean time per level.
                   A        B        C        D        E       F      G
               +--------+--------+--------+--------+--------+-----+--------+
         Total |    959 |    959 |      0 |    678 |      0 |   1 |  959.0 |
       Dungeon |    959 |    959 |      0 |    678 |      0 |   1 |  959.0 |
               +--------+--------+--------+--------+--------+-----+--------+

Top non-repeatable levels by time:
       D: 959 daAuts
